 Dungeon Crawl Stone Soup version 0.25.0-1-g7eea58d2a3 (webtiles) character file.

Game seed: 16074396003810686341

454 inmateoo the Skirmisher (level 7, -17/52 HPs)
             Began as an Octopode Transmuter on June 13, 2020.
             Was a Follower of Cheibriados.
             Killed from afar by a steam dragon (18 damage)
             ... with a ball of steam
             ... on level 4 of the Dungeon.
             The game lasted 00:06:46 (4629 turns).

inmateoo the Skirmisher (Octopode Transmuter)       Turns: 4629, Time: 00:06:46

Health: -17/52     AC:  1    Str: 11    XL:     7   Next: 5%
Magic:  4/10       EV: 13    Int: 20    God:    Cheibriados [*.....]
Gold:   286        SH:  5    Dex: 14    Spells: 0/10 levels left

rFire    . . .     SeeInvis +     - Unarmed
rCold    . . .     Gourm    .   (no shield)
rNeg     . . .     Faith    .   (helmet restricted)
rPois    .         Spirit   .   j - amulet of reflection
rElec    .         Reflect  +   i - ring of see invisible
rCorr    .         Harm     .   r - ring of wizardry
MR       .....                  (no ring)
Stlth    ++........             (no ring)
HPRegen  0.17/turn              (no ring)
MPRegen  0.12/turn              (no ring)
                                (no ring)
                                (no ring)

@: very slow
A: almost no armour, stealthy swim, amphibious, 8 rings, constrict 8, camouflage
1, gelatinous body 1
a: Bend Time, Renounce Religion


You were on level 4 of the Dungeon.
You worshipped Cheibriados.
Cheibriados was aware of your devotion.
You were hungry.

You visited 1 branch of the dungeon, and saw 4 of its levels.
You also visited: Sewer.

You collected 286 gold pieces.

Inventory:

Missiles
 a - 28 arrows
Jewellery
 i - a ring of see invisible (left tentacle)
 j - an amulet of reflection (around mantle)
 r - a ring of wizardry (right tentacle)
Wands
 m - a wand of polymorph (6)
Scrolls
 b - 2 scrolls of enchant weapon
 d - 2 scrolls of enchant armour
 s - 2 scrolls of magic mapping
Potions
 e - 2 potions of heal wounds
 f - 2 potions of mutation {unknown}
 g - a potion of magic {unknown}
 h - a potion of curing
 l - a potion of stabbing {unknown}
 n - a potion of might {unknown}
 o - a potion of lignification {unknown}
 q - a potion of flight
Comestibles
 c - 6 rations


   Skills:
 - Level 6.0 Fighting
 - Level 2.0 Dodging
 * Level 4.7 Unarmed Combat
 * Level 2.0 Spellcasting
 + Level 2.0 Transmutations
 + Level 0.0 Ice Magic


You couldn't memorise any spells.
You knew the following spells:

 Your Spells              Type           Power        Failure   Level  Hunger
a - Beastly Appendage     Tmut           ##....       2%          1    #......
b - Sticks to Snakes      Tmut           ##......     4%          2    ##.....
c - Spider Form           Tmut/Pois      #.........   12%         3    ###....
d - Ice Form              Ice/Tmut       #.......     38%         4    #####..

Your spell library contained the following spells:

 Spells                   Type           Power        Failure   Level  Hunger
 Magic Dart               Conj           #...         6%          1    #......
 Blink                    Tloc           N/A          10%         2    ##.....
 Call Imp                 Summ           #.......     10%         2    ##.....
 Slow                     Hex            #.......     10%         2    ##.....
 Conjure Flame            Conj/Fire      #.......     19%         3    ###....
 Mephitic Cloud           Conj/Pois/Air  #.......     19%         3    ###....
 Blade Hands              Tmut           ##........   56%         5    ######.


Dungeon Overview and Level Annotations

Branches:
Dungeon (4/15)              Sewer (visited)
 Temple: D:4-7

Altars:
Ashenzari
Cheibriados
Elyvilon
Fedhas
Nemelex Xobeh
Sif Muna
Uskayaw
Xom

Shops:
D:4 ==

Annotations:
D:3 3 runed translucent doors, Dirian's ghost, amateur MiFi; Rayvis's ghost, amateur DsGl; Razortooth's ghost, amateur HuAs


Innate Abilities, Weirdness & Mutations

You cannot wear most types of armour.
You are very stealthy in the water. (Stealth+)
You are amphibious.
You can wear up to eight rings at the same time.
You can use your tentacles to constrict eight enemies at once.
Your skin changes colour to match your surroundings (Stealth+).
Your rubbery body absorbs attacks. (AC +1, EV +1)


Message History

Aim: a steam dragon (chance to defeat MR: 46%)
Okay, then.
Okay, then.
As you read the scroll of teleportation, it crumbles to dust.
You feel strangely unstable. The steam dragon closely misses you.
The steam dragon claws you.
Unknown command.
Unknown command.
The steam dragon breathes steam at you. The ball of steam hits you!!
Unknown command.
Unknown command.
You are engulfed in a cloud of scalding steam.
* * * LOW HITPOINT WARNING * * *
Your surroundings seem slightly different.
Unknown command.
Unknown command.
The steam dragon breathes steam at you. The ball of steam hits you!!
You die...

,,,,,*,*,,,,.....................
,,,,,,,#.,,,,....#.......##......
,,,,,,,#.#,,***#......##.##......
,,,,,,,,...,* #......##.##......
,,,,,,,#,#..* #......##.........
,,,,,,*#.#..####.#'########.##+##
,,,,,,,...................,,,,,*#
,**,,**........######+######.....
,,,,,,,#.......#@#.##.##,#.#.....
,,,,,,*.#.......#§##...##.#......
,**,*,*#.#.......§...............
,,,,,,*##.#.....................#
,,,,<,* ##.#§§..§D§............#.
,,,,,,* ##.#.§§§§§...........#.#
,,***,****##§#§.§#.)#.#..#...*,**
,,,,,,,,,,[.#.######)..###*##.#,,
,***,,****##.#...#..#.#..#...#.#*


There were no monsters in sight!

Vanquished Creatures
  Purgy (Sewer)
  A scorpion (D:3)
  Natasha (thrice) (D:3)
  A worker ant (D:4)
  4 gnolls
  An adder (D:2)
  2 river rats (D:4)
  2 oozes (D:1)
  11 worms
  2 dart slugs
  A leopard gecko (D:2)
  3 orcs (D:4)
  2 giant cockroaches (D:3)
  11 goblins
  6 hobgoblins
  15 jackals
  A quokka (D:3)
  2 ball pythons (D:1)
  9 bats
  3 frilled lizards
  8 kobolds
  15 rats
104 creatures vanquished.

Vanquished Creatures (collateral kills)
  An adder (D:4)
  2 bats (D:2)
3 creatures vanquished.

Grand Total: 107 creatures vanquished

Notes
Turn   | Place    | Note
-------+----------+-------------------------------------------
     0 | D:1      | inmateoo the Octopode Transmuter began the quest for the
                  | Orb.
     0 | D:1      | Reached XP level 1. HP: 13/13 MP: 3/3
    89 | D:2      | Reached skill level 2 in Fighting
    89 | D:2      | Reached XP level 2. HP: 2/19 MP: 3/5
   373 | D:2      | Found a shimmering blue altar of Sif Muna.
   542 | D:2      | Learned a level 2 spell: Sticks to Snakes
   920 | D:2      | Reached XP level 3. HP: 18/25 MP: 4/6
  1056 | D:2      | Reached skill level 3 in Fighting
  1069 | D:2      | Found a sparkling altar of Nemelex Xobeh.
  1160 | D:2      | Found a shimmering altar of Xom.
  1162 | D:2      | Found a hide-covered altar of Uskayaw.
  1162 | D:2      | Found a shattered altar of Ashenzari.
  1168 | D:2      | Found a snail-covered altar of Cheibriados.
  1168 | D:2      | Found a white marble altar of Elyvilon.
  1168 | D:2      | Found a shimmering altar of Xom.
  1290 | D:2      | Found a blossoming altar of Fedhas.
  1391 | D:3      | Noticed a scorpion
  1508 | D:1      | Reached XP level 4. HP: 16/33 MP: 7/7
  1950 | D:1      | Reached skill level 4 in Fighting
  2547 | D:3      | Found a runed translucent gate.
  2547 | D:3      | Found a runed translucent gate.
  2554 | D:3      | Learned a level 3 spell: Spider Form
  2587 | D:3      | Found a runed translucent gate.
  2587 | D:3      | Noticed Rayvis's ghost (amateur DsGl)
  2587 | D:3      | Noticed Razortooth's ghost (amateur HuAs)
  2587 | D:3      | Noticed Dirian's ghost (amateur MiFi)
  2935 | D:3      | Reached XP level 5. HP: 17/38 MP: 6/8
  3110 | D:3      | Noticed Natasha
  3117 | D:3      | Killed Natasha
  3206 | D:3      | Noticed Natasha
  3212 | D:3      | Killed Natasha
  3212 | D:3      | Reached skill level 5 in Fighting
  3265 | D:3      | Noticed Natasha
  3274 | D:3      | Killed Natasha
  3727 | D:3      | Found a snail-covered altar of Cheibriados.
  3736 | D:3      | Reached skill level 6 in Fighting
  3736 | D:3      | Reached XP level 6. HP: 36/46 MP: 7/9
  3745 | D:3      | Became a worshipper of Cheibriados the Contemplative
  3970 | D:3      | Found a shattered altar of Ashenzari.
  4201 | D:4      | Found Onoef's Jewellery Shop.
  4218 | D:4      | Found a hide-covered altar of Uskayaw.
  4272 | D:4      | Found Yxyofy's Jewellery Shop.
  4339 | D:4      | Found a glowing drain.
  4344 | Sewer    | Entered a sewer
  4397 | Sewer    | Noticed Purgy
  4407 | Sewer    | Killed Purgy
  4407 | Sewer    | Reached XP level 7. HP: 38/52 MP: 5/10
  4506 | D:4      | Learned a level 4 spell: Ice Form
  4617 | D:4      | Reached * piety under Cheibriados
  4625 | D:4      | Noticed a steam dragon
  4625 | D:4      | an orc wizard changed into a steam dragon
  4628 | D:4      | HP: 1/52 [steam dragon] (16)]
  4629 | D:4      | Killed from afar by a steam dragon

Illustrated notes

Levels and vault maps discovered:
D:1:      onia_arrival_handbag, layout_loops_cross
D:2:      layout_rooms, marbit_many_paths, doesnt_xom_only_xom,
          overflow_temple_1_default, lemuel_coloured_pillars_altar
D:3:      layout_loops_ring, lemuel_crystal_altar, kennysheep_slug_shrine,
          gammafunk_ghost_cemetery, uniq_natasha
D:4:      wad_pebble_path, layout_basic, kennysheep_little_box,
          eat_drink_and_be_merry_uskayaw, kennysheep_mini_moat,
          lightli_sewer_entry_pipes, first_ration, serial_shops, shop,
          nicolae_shop_competitors_out_of_business,
          nicolae_shop_window_shopping, shop, shop

Skill      XL: |  1  2  3  4  5  6 |
---------------+-------------------+-----
Fighting       | 2 3 4 6 |  6.0
Unarmed Combat | 4 |  4.7
Dodging        | |  2.0
Spellcasting   | |  2.0
Transmutations | |  2.0

Action                   |  1- 3 |  4- 6 |  7- 9 || total
-------------------------+-------+-------+-------++-------
Melee: Unarmed           |    73 |   193 |    15 ||   281
       Constrict         |    19 |    50 |     3 ||    72
       Kick              |     8 |    20 |       ||    28
       Tentacles         |     9 |    27 |     1 ||    37
       Punch             |       |     2 |     2 ||     4
 Cast: Beastly Appendage |     8 |    11 |       ||    19
       Sticks to Snakes  |     2 |     1 |     3 ||     6
       Spider Form       |       |     2 |     1 ||     3
Evoke: Wand              |       |       |     3 ||     3
  Use: Scroll            |       |    14 |     1 ||    15
       Potion            |       |     1 |       ||     1
 Stab: Sleeping          |     1 |     8 |     2 ||    11
  Eat: Chunk             |     1 |     8 |       ||     9
       Ration            |       |     1 |       ||     1
Armor: Skin              |    10 |    22 |       ||    32
Dodge: Dodged            |    53 |   111 |     3 ||   167
Block: Other             |       |    26 |     1 ||    27
       Reflection        |       |     1 |       ||     1
